 Dungeon Crawl Stone Soup version 0.24.1 (webtiles) character file.

Game seed: 3613486125724104626, levelgen mode: deterministic

12512 MajorAdolf the Geomancer (level 11, -3/81 HPs)
             Began as a Naga Wanderer on Apr 6, 2020.
             Was an Elder of Sif Muna.
             Slain by Urug
             ... wielding a +7 battleaxe
              (20 damage)
             ... on level 12 of the Dungeon.
             The game lasted 00:37:54 (16977 turns).

MajorAdolf the Geomancer (Naga Wanderer)           Turns: 16977, Time: 00:37:54

Health: -3/81      AC: 10    Str: 16    XL:     11   Next: 94%
Magic:  25/25      EV: 12    Int: 17    God:    Sif Muna [****..]
Gold:   569        SH:  0    Dex:  8    Spells: 15/31 levels left

rFire    . . .     SeeInvis +   t - +2 halberd (flame)
rCold    . . .     Gourm    .   (shield currently unavailable)
rNeg     . . .     Faith    .   v - +2 robe {MR+}
rPois    +         Spirit   .   (no helmet)
rElec    .         Reflect  .   h - +2 cloak {rPois}
rCorr    .         Harm     .   g - +0 pair of gloves
MR       ++...                  (no barding)
Stlth    +.........             (no amulet)
HPRegen  0.23/turn              (no ring)
MPRegen  0.19/turn              (no ring)

@: confused, very slow
A: large, see invisible, deformed body, poison resistance, slowness 2, slow
metabolism 1, spit poison 1, AC +3
a: Spit Poison, Channel Magic, Forget Spell, Divine Exegesis, Renounce Religion


You were on level 12 of the Dungeon.
You worshipped Sif Muna.
Sif Muna was greatly pleased with you.
You were not hungry.

You visited 2 branches of the dungeon, and saw 13 of its levels.

You collected 629 gold pieces.
You spent 60 gold pieces at shops.

Inventory:

Hand Weapons
 i - a +0 vampiric dagger
 t - a +2 halberd of flaming (weapon)
 w - a +1 dagger of speed
Missiles
 b - 89 stones (quivered)
Armour
 d - a +0 robe
 g - a +0 pair of gloves (worn)
 h - a +2 cloak of poison resistance (worn)
 v - a +2 robe of magic resistance (worn)
Jewellery
 r - an uncursed ring of wizardry {unknown}
 z - an uncursed ring of flight {unknown}
 G - an uncursed ring of fire {unknown}
 J - an uncursed ring of flight {unknown}
Wands
 a - a wand of iceblast (8)
 p - a wand of flame (32)
 x - a wand of digging (4)
 D - a wand of polymorph (10)
 K - a wand of paralysis (11)
Scrolls
 k - 3 scrolls of random uselessness {unknown}
 l - 4 scrolls of enchant weapon {unknown}
 n - 2 scrolls of enchant armour {unknown}
 o - 4 scrolls of immolation {unknown}
 q - 8 scrolls of identify
 y - 2 scrolls of remove curse
 A - a scroll of magic mapping {unknown}
 C - 3 scrolls of amnesia {unknown}
 E - a scroll of fog {unknown}
 H - a scroll of silence {unknown}
Potions
 c - a potion of agility
 e - 5 potions of curing {unknown}
 j - 3 potions of flight
 m - 3 potions of haste {unknown}
 s - 2 potions of cancellation {unknown}
 u - 2 potions of berserk rage {unknown}
 B - a potion of mutation {unknown}
 F - a potion of lignification {unknown}
 I - a potion of degeneration {unknown}
 N - a potion of heal wounds
Comestibles
 f - 16 rations


   Skills:
 + Level 6.0 Dodging
 + Level 7.5 Stealth
   Level 1.0 Shields
 + Level 10.5 Spellcasting
 - Level 4.0 Conjurations
   Level 1.0 Charms
   Level 2.0 Air Magic
 + Level 11.6 Earth Magic
   Level 1.3 Poison Magic


You had 15 spell levels left.
You knew the following spells:

 Your Spells              Type           Power        Failure   Level  Hunger
a - Flame Tongue          Conj/Fire      ###..        3%          1    None
b - Sandblast             Erth           #####.       1%          1    None
c - Stone Arrow           Conj/Erth      #####.       1%          3    None
d - Passwall              Tmut/Erth      ####....     1%          2    None
e - Lee's Rapid Deconstr  Erth           #####.....   1%          5    #####..
f - Petrify               Tmut/Erth      ####....     8%          4    ###....

Your spell library contained the following spells:

 Spells                   Type           Power        Failure   Level  Hunger
 Magic Dart               Conj           ###.         1%          1    None
 Shock                    Conj/Air       ###.         2%          1    None
 Searing Ray              Conj           ###...       2%          2    None
 Swiftness                Chrm/Air       ##......     7%          2    None
 Static Discharge         Conj/Air       ###.....     7%          3    None
 Dazzling Spray           Conj/Hex       ###...       11%         3    None
 Iskenderun's Mystic Bla  Conj           ###.....     16%         4    ###....
 Airstrike                Air            ###.......   34%         4    ###....
 Force Lance              Conj/Tloc      ###.....     34%         4    ###....
 Fulminant Prism          Conj/Hex       ###.......   34%         4    ###....
 Lightning Bolt           Conj/Air       ###.......   54%         5    #####..


Dungeon Overview and Level Annotations

Branches:
Dungeon (12/15)            Temple (1/1) D:5            Lair (0/6) D:11
    Orc: D:9-12

Altars:
Ashenzari
Dithmenos
Elyvilon
Fedhas
Gozag
Hepliaklqana
Kikubaaqudgha
Makhleb
Nemelex Xobeh
Okawaru
Qazlal
Ru
Sif Muna
Trog
Vehumet
Wu Jian
Xom
Yredelemnul
Zin
The Shining One
Jiyva

Shops:
D:4 ?

Annotations:
D:9 exclusion: orange crystal statue
D:12 Urug


Innate Abilities, Weirdness & Mutations

You cannot wear boots.
Your serpentine skin is tough. (AC +3)
You have supernaturally acute eyesight. (SInv)
Armour fits poorly on your strangely shaped body.
Your system is resistant to poisons. (rPois)
You cover ground very slowly.
You have a slow metabolism.
You can spit poison.


Message History

Urug is severely wounded.
Casting: Stone Arrow (safe; 1% risk of failure)
Confirm with . or Enter, or press ? or * to list all spells.
Aiming: Stone Arrow (safe; 1% risk of failure)
Press: ? - help, Shift-Dir - straight line, f/p - Urug
Aim: Urug, wielding a +7 battleaxe, wearing a +0 chain mail and carrying a wand of iceblast (8) (severely wounded)
The stone arrow misses Urug.
Urug hits you with a +7 battleaxe.
* * * LOW HITPOINT WARNING * * *
Casting: Stone Arrow (safe; 1% risk of failure)
Confirm with . or Enter, or press ? or * to list all spells.
You don't have enough magic to cast that spell.
Unknown command.
You are confused.
You feel invigorated.
Unknown command.
Urug completely misses you.
You bump into the rock wall.
Urug hits you with a +7 battleaxe!!
* * * LOW HITPOINT WARNING * * *
You bump into the rock wall.
Urug hits you with a +7 battleaxe!!
You die...

..##..#####.#
#####.#.....#
#####.#.....# #
#.....#.....### ####...
#.....#.......# ###.......
#.....#.......# #.(.......
#.............# #.#......#
#......##.....###o#......#
#......##.......@.########
######..###.####### ##.#
#.# .. #.# #.##.# .##.#
#)# #.#


You could see Urug.

Vanquished Creatures
  An unseen horror (D:11)
  Pikel (D:7)
  A cyclops (D:11)
  An elephant (D:11)
  2 centaur zombies (D:10)
  A rime drake (D:10)
  Grinder (D:5)
  A slime creature (D:10)
  2 hippogriffs
  Sigmund (D:5)
  A basilisk (D:11)
  15 yaks
  A hungry ghost (D:8)
  19 water moccasins
  A hornet zombie (D:8)
  6 ice beasts
  3 slaves
  A sky beast (D:6)
  2 orc warriors
  2 phantoms
  4 ogres
  3 centaurs
  2 crocodiles
  A big kobold (D:7)
  2 bullfrogs
  4 scorpions
  10 killer bees
  4 wights (D:10)
  An electric eel (D:10)
  2 howler monkeys
  3 crimson imps
  8 jellies
  6 hounds
  3 orc priests
  3 bullfrog skeletons
  9 orc wizards
  An iguana (D:5)
  6 worker ants
  A hound zombie (D:10)
  2 worker ant zombies
  6 gnolls
  27 adders
  5 shadow imps
  7 oozes
  2 adder skeletons
  A worm (D:4)
  A dart slug (D:1)
  5 leopard geckos
  26 orcs
  A ball python (D:2)
  3 giant cockroaches
  5 goblins
  3 hobgoblins
  20 jackals
  4 quokkas
  6 bats
  7 frilled lizards
  8 kobolds
  2 leopard gecko skeletons
  2 leopard gecko zombies
  6 rats
285 creatures vanquished.

Vanquished Creatures (others)
  A slave (D:7)
1 creature vanquished.

Grand Total: 286 creatures vanquished

Notes
Turn   | Place    | Note
-------+----------+-------------------------------------------
     0 | D:1      | MajorAdolf the Naga Wanderer began the quest for the Orb.
     0 | D:1      | MajorAdolf set off with the following items: a +0 club, a
                  | +0 robe, a ration; and the following spells available to
                  | memorise: Sandblast, Shock, Passwall, Flame Tongue, Stone
                  | Arrow, Static Discharge, Petrify, Lee's Rapid
                  | Deconstruction
     0 | D:1      | Reached XP level 1. HP: 15/15 MP: 2/2
     2 | D:1      | Learned a level 1 spell: Flame Tongue
    53 | D:1      | Learned a level 1 spell: Sandblast
   367 | D:1      | Reached XP level 2. HP: 20/22 MP: 0/3
   644 | D:1      | Reached skill level 1 in Conjurations
  1195 | D:2      | Reached XP level 3. HP: 25/28 MP: 5/5
  1628 | D:2      | Learned a level 3 spell: Stone Arrow
  1638 | D:2      | Reached XP level 4. HP: 31/36 MP: 2/7
  2120 | D:2      | Learned a level 2 spell: Passwall
  2584 | D:3      | Found a shattered altar of Ashenzari.
  2762 | D:4      | Reached XP level 5. HP: 42/42 MP: 8/8
  2767 | D:4      | Found Saegrao's Magic Scroll Boutique.
  2791 | D:4      | Bought a scroll of teleportation for 30 gold pieces
  2795 | D:4      | Bought a scroll of remove curse for 30 gold pieces
  2850 | D:4      | Reached skill level 4 in Earth Magic
  3347 | D:5      | Entered Level 5 of the Dungeon
  3354 | D:5      | Reached XP level 6. HP: 49/49 MP: 3/10
  3412 | D:5      | Found a staircase to the Ecumenical Temple.
  3426 | Temple   | Entered the Ecumenical Temple
  3602 | Temple   | Became a worshipper of Sif Muna the Loreminder
  3811 | D:5      | Noticed Grinder
  4019 | D:5      | Noticed an ice beast
  4046 | D:6      | Reached XP level 7. HP: 15/55 MP: 6/12
  4283 | D:5      | Reached skill level 5 in Earth Magic
  4320 | D:5      | Learned a level 5 spell: Lee's Rapid Deconstruction
  4454 | D:5      | Reached * piety under Sif Muna
  4728 | D:5      | Paralysed by Grinder for 2 turns
  4732 | D:5      | Paralysed by Grinder for 2 turns
  4744 | D:5      | Killed Grinder
  4744 | D:5      | Reached skill level 5 in Spellcasting
  4744 | D:5      | Reached skill level 6 in Earth Magic
  4744 | D:5      | Reached XP level 8. HP: 50/62 MP: 4/15
  4921 | D:5      | Found a radiant altar of Vehumet.
  4923 | D:5      | Found a bloodstained altar of Trog.
  4923 | D:5      | Found a hide-covered altar of Uskayaw.
  5185 | D:5      | Noticed Sigmund
  5194 | D:5      | Killed Sigmund
  5319 | D:5      | Found a shimmering altar of Xom.
  5319 | D:5      | Found a hazy altar of Hepliaklqana.
  5319 | D:5      | Found a shimmering altar of Xom.
  5354 | D:6      | Reached skill level 7 in Earth Magic
  5370 | D:6      | Found a glowing golden altar of the Shining One.
  6418 | D:6      | Reached skill level 8 in Earth Magic
  6418 | D:6      | Reached XP level 9. HP: 68/68 MP: 8/19
  6634 | D:6      | Found a radiant altar of Vehumet.
  6843 | D:7      | Noticed Pikel
  7012 | D:6      | Reached ** piety under Sif Muna
  7235 | D:7      | Killed Pikel
  7530 | D:7      | Reached skill level 9 in Earth Magic
  8415 | D:7      | Reached skill level 1 in Dodging
  9102 | D:8      | Reached XP level 10. HP: 21/75 MP: 15/22
 10042 | D:8      | Reached *** piety under Sif Muna
 10467 | D:9      | Noticed an orange crystal statue
 10522 | D:8      | Reached skill level 10 in Earth Magic
 11110 | D:10     | Entered Level 10 of the Dungeon
 12672 | D:9      | Reached XP level 11. HP: 58/81 MP: 15/24
 13273 | D:10     | Reached **** piety under Sif Muna
 13601 | D:10     | Reached skill level 11 in Earth Magic
 13718 | D:10     | Reached skill level 5 in Dodging
 14101 | D:10     | Reached skill level 10 in Spellcasting
 14188 | D:10     | Reached skill level 5 in Stealth
 14927 | D:10     | Found a viscous altar of Jiyva.
 15553 | D:11     | Found a glowing silver altar of Zin.
 15573 | D:11     | Learned a level 4 spell: Petrify
 15694 | D:11     | Found a staircase to the Lair.
 15908 | D:11     | Noticed a cyclops
 15932 | D:11     | Killed a cyclops
 16496 | D:11     | Noticed an unseen horror
 16499 | D:11     | Killed an unseen horror
 16963 | D:12     | Noticed Urug
 16977 | D:12     | Slain by Urug

Levels and vault maps discovered:
D:1:      evilmike_arrival_rings, layout_loops_ring, st_stairs_11
D:2:      layout_basic
D:3:      layout_loops_ring, cheibrodos_ashenzari_chains, first_ration
D:4:      layout_cave_pools, serial_shops, shop, chequers_serial_rivers_small_a,
          hangedman_feature_mirror, st_stairs_10
D:5:      layout_cave_pools, minmay_temple_entry_large_hall,
          doesnt_xom_only_xom, uniq_sigmund, uniq_grinder
D:6:      wander_river, layout_loops_ring, lemuel_round_altar, basic_altar,
          hangedman_abyss_or_decor_lesser_grid
D:7:      layout_basic, kennysheep_generic_room_9, uniq_pikel
D:8:      layout_loops_cross, hangedman_little_slice_of_home
D:9:      layout_roguey, zin_statuary, minitemple,
          minmay_orc_entry_temple_small, minmay_statue_bubble
D:10:     lemuel_reptile_caves, layout_basic, jiyva_altar_1
D:11:     layout_cave_pools, david_lair_generic, basic_altar
D:12:     layout_basic, kennysheep_boxes, uniq_azrael, uniq_urug
Temple:   regret_index_temple_sphere_string

Skill      XL: |  1  2  3  4  5  6  7  8  9 10 11 |
---------------+----------------------------------+-----
Conjurations   | 1 2 3 4 |  4.0
Spellcasting   | 2 3 5 6 8 9 10 | 10.5
Earth Magic    | 4 6 8 9 10 11 | 11.6
Dodging        | 1 4 6 |  6.0
Stealth        | 2 7 |  7.5
Shields        | |  1.0
Charms         | |  1.0
Air Magic      | |  2.0
Poison Magic   | |  1.3

Action                   |  1- 3 |  4- 6 |  7- 9 | 10-12 || total
-------------------------+-------+-------+-------+-------++-------
Melee: Club              |     5 |       |       |       ||     5
       Dagger            |    17 |    53 |       |       ||    70
       Halberd           |       |    26 |    97 |    73 ||   196
 Cast: Flame Tongue      |    13 |    17 |     1 |       ||    31
       Sandblast         |    10 |    51 |    70 |    81 ||   212
       Stone Arrow       |       |     2 |    99 |   239 ||   340
 Abil: Spit Poison       |    19 |    11 |       |     1 ||    31
  Use: Scroll            |       |     6 |       |     2 ||     8
       Potion            |       |       |     1 |     3 ||     4
 Stab: Sleeping          |       |       |     1 |     2 ||     3
  Eat: Chunk             |     3 |     7 |    10 |    14 ||    34
       Ration            |       |       |     2 |     1 ||     3
Armor: Robe              |     7 |    68 |    71 |   129 ||   275
Dodge: Dodged            |    24 |    90 |    97 |   224 ||   435
